 Dungeon Crawl Stone Soup version 0.21-a0-437-ge5bf024 (webtiles) character file.

620 KristoblXynda the Magician (level 7, -1/36 HPs)
             Began as a Deep Elf Conjurer on Nov 9, 2017.
             Was an Initiate of Vehumet.
             Killed from afar by an orc wizard (6 damage)
             ... with a magic dart
             ... on level 4 of the Dungeon.
             The game lasted 00:11:58 (4976 turns).

KristoblXynda the Magician (Deep Elf Conjurer)      Turns: 4976, Time: 00:11:59

Health: -1/36      AC:  2    Str:  5    XL:     7   Next: 22%
Magic:  2/19       EV: 13    Int: 22    God:    Vehumet [......]
Gold:   281        SH:  0    Dex: 15    Spells: 11/19 levels left

rFire    . . .     SeeInvis .   q - +8 dagger (holy)
rCold    . . .     Gourm    +   (no shield)
rNeg     . . .     Faith    .   a - +0 robe
rPois    +         Spirit   .   (no helmet)
rElec    .         Reflect  .   (no cloak)
rCorr    .         Harm     .   (no gloves)
MR       .....                  (no boots)
Stlth    +++.......             t - amulet of the gourmand
HPRegen  0.12/turn              m - ring of poison resistance
MPRegen  0.16/turn              u - ring of stealth

@: no status effects
A: no striking features
a: Renounce Religion


You were on level 4 of the Dungeon.
You worshipped Vehumet.
Vehumet was noncommittal.
You were not hungry.

You visited 2 branches of the dungeon, and saw 5 of its levels.
You also visited: Ossuary.

You collected 281 gold pieces.

Inventory:

Hand Weapons
 q - a +8 dagger of holy wrath (weapon)
Missiles
 y - a throwing net (quivered)
Armour
 a - a +0 robe (worn)
Jewellery
 m - a ring of poison resistance (left hand)
 t - an amulet of the gourmand (around neck)
 u - a ring of stealth (right hand)
Wands
 d - a wand of digging (12/24)
Scrolls
 g - a scroll of teleportation {unknown}
 l - 2 scrolls of remove curse
 v - a scroll of magic mapping {unknown}
 w - a scroll of fog {unknown}
 x - a scroll of brand weapon {unknown}
Potions
 e - a potion of heal wounds {unknown}
 h - a potion of curing
 i - 2 potions of agility {unknown}
 j - 2 potions of might
 n - 3 potions of haste
 o - a potion of resistance {unknown}
 p - 2 potions of mutation
 r - 2 potions of brilliance
 z - 2 potions of degeneration {unknown}
 B - a potion of ambrosia {unknown}
Books
 b - a book of Conjurations

   Spells                             Type                      Level
   a - Magic Dart                     Conjuration                  1
   b - Searing Ray                    Conjuration                  2
   c - Dazzling Spray                 Conjuration/Hexes            3
   d - Fulminant Prism                Conjuration/Hexes            4
   e - Force Lance                    Conjuration/Translocation    4
   f - Iskenderun's Mystic Blast      Conjuration                  4
Comestibles
 c - 7 bread rations
 f - 2 meat rations
 k - 6 fruits
 s - a royal jelly


   Skills:
 + Level 2.6 Short Blades
 - Level 2.4 Dodging
 - Level 2.4 Stealth
 + Level 6.9 Spellcasting
 + Level 6.9 Conjurations
 - Level 3.0 Hexes


You had 11 spell levels left.
You knew the following spells:

 Your Spells              Type           Power        Failure   Level  Hunger
a - Magic Dart            Conj           ####         1%          1    None
b - Dazzling Spray        Conj/Hex       ####..       3%          3    None
c - Iskenderun's Mystic   Conj           #####...     4%          4    ###....


Dungeon Overview and Level Annotations

Branches:
Dungeon (4/15)             Temple (1/1) D:4

Altars:
Ashenzari
Cheibriados
Dithmenos
Elyvilon
Fedhas
Gozag
Hepliaklqana
Makhleb
Nemelex Xobeh
Okawaru
Qazlal
Ru
Sif Muna
Trog
Uskayaw
Vehumet
Wu Jian
Xom
Yredelemnul
Zin
The Shining One

Shops:
D:4 %


Message History

Press: ? - help, Shift-Dir - straight line, f - orc wizard
Aim: an orc wizard, wielding a dagger and wearing a robe (fast)
The orb of energy misses the orc wizard.
The orb of energy explodes!
The mystic blast hits the orc wizard.
The orc wizard is severely wounded.
The orc wizard hits you with a dagger.
* * * LOW HITPOINT WARNING * * *
Casting: Iskenderun's Mystic Blast
Confirm with . or Enter, or press ? or * to list all spells.
Aiming: Iskenderun's Mystic Blast
Press: ? - help, Shift-Dir - straight line, f/p - orc wizard
Aim: an orc wizard, wielding a dagger and wearing a robe (fast)
The orb of energy hits the orc wizard.
The orc wizard is almost dead.
The orb of energy explodes!
The mystic blast hits the orc wizard.
You kill the orc wizard!
Vehumet accepts your kill.
The orc wizard points at you and mumbles some strange words.
The magic dart hits you!
You die...

######## # #..[...# ###
##......# ..# #.......#
## #.# ##.......# ##.
#.######........# ..
#........#####..# .#
.###(.....#####.#####.#
..##.####...###.@.....#
#.##.# ###....)o##...# #
#..(.# ####..)##...###.##
#..### #..............#
#..## ###...####....# ..#
....# #...#..##..####
..##
.##.########.####....####
..#
#............#..........#
###.##
..#...########..........#
#.....


You could see an orc wizard.

Vanquished Creatures
  A bullfrog (D:4)
  A scorpion (D:4)
  A howler monkey (D:4)
  An orc priest (D:4)
  2 hounds (D:4)
  An orc wizard (D:4)
  3 worker ants (D:4)
  7 big kobold zombies (Ossuary)
  A mummy (Ossuary)
  A howler monkey skeleton (D:4)
  An adder (D:2)
  4 worms
  4 leopard geckos
  3 orcs
  4 spectral bats (Ossuary)
  A ball python (D:1)
  13 giant cockroaches
  5 gnoll zombies (Ossuary)
  4 goblins
  8 hobgoblins
  5 jackals (D:3)
  A quokka (D:3)
  5 bats
  A frilled lizard (D:2)
  5 goblin simulacra (Ossuary)
  5 goblin zombies
  4 hobgoblin zombies
  8 kobolds
  8 kobold zombies (Ossuary)
  3 orc zombies (Ossuary)
  7 rats
  A rat simulacrum (Ossuary)
  A rat zombie (D:4)
  2 spectral goblins (Ossuary)
  3 spectral kobolds (Ossuary)
  3 spectral rats (Ossuary)
128 creatures vanquished.

Notes
Turn   | Place    | Note
-------+----------+-------------------------------------------
     0 | D:1      | KristoblXynda the Deep Elf Conjurer began the quest for the Orb.
     0 | D:1      | Reached XP level 1. HP: 10/10 MP: 6/6
   320 | D:1      | Reached XP level 2. HP: 15/15 MP: 2/8
  1231 | D:2      | Reached skill level 5 in Conjurations
  1231 | D:2      | Reached XP level 3. HP: 13/19 MP: 4/10
  1236 | D:2      | Learned a level 3 spell: Dazzling Spray
  2152 | D:3      | Reached XP level 4. HP: 24/24 MP: 5/12
  2610 | D:3      | Reached skill level 1 in Hexes
  2959 | D:4      | Noticed a bullfrog
  2969 | D:4      | Killed a bullfrog
  2969 | D:4      | Reached skill level 5 in Spellcasting
  2969 | D:4      | Reached XP level 5. HP: 26/28 MP: 5/14
  3038 | D:4      | Found a sand-covered staircase.
  3054 | Ossuary  | Entered an ossuary
  3619 | Ossuary  | Learned a level 4 spell: Iskenderun's Mystic Blast
  3823 | Ossuary  | Reached XP level 6. HP: 30/32 MP: 16/16
  3900 | Ossuary  | Reached skill level 1 in Short Blades
  4061 | D:4      | Found Jiajim's Food Shop.
  4438 | D:4      | Reached XP level 7. HP: 32/36 MP: 0/18
  4467 | D:4      | Found a staircase to the Ecumenical Temple.
  4474 | Temple   | Entered the Ecumenical Temple
  4575 | Temple   | Became a worshipper of Vehumet
  4976 | D:4      | Killed from afar by an orc wizard

Vault maps used:
D:1:      lightli_arrival_lavapool
D:2:      minmay_roachtagon, serial_glass, glass_columns_c, glass_columns_a
D:3:      first_bread
D:4:      minmay_temple_entry_nine_rooms, serial_shops,
          nicolae_shop_temple_entry_statues_fountains, enter_ossuary_3
Temple:   regret_index_temple_sigil_plot
Ossuary:  ossuary_zaba_two_paths

Skill      XL: |  1  2  3  4  5  6 |
---------------+-------------------+-----
Spellcasting   | 4 5 6 |  6.9
Conjurations   | 5 6 |  6.9
Hexes          | 2 3 |  3.0
Short Blades   | 2 |  2.6
Dodging        | |  2.4
Stealth        | |  2.4

Action                   |  1- 3 |  4- 6 |  7- 9 || total
-------------------------+-------+-------+-------++-------
Melee: Whip              |    13 |    40 |       ||    53
       Dagger            |       |   125 |       ||   125
 Cast: Magic Dart        |    87 |    38 |       ||   125
       Dazzling Spray    |       |    11 |     6 ||    17
       Iskenderun's Myst |       |       |     3 ||     3
  Use: Scroll            |       |    16 |       ||    16
       Potion            |       |     1 |       ||     1
 Stab: Sleeping          |       |    19 |       ||    19
       Invisible         |       |     1 |       ||     1
  Eat: Chunk             |     4 |     9 |     3 ||    16
       Fruit             |       |     2 |       ||     2
Armor: Robe              |     5 |    19 |       ||    24
Dodge: Dodged            |    24 |    92 |     1 ||   117

Table legend:
 A = Spawn XP
 B = Non-spawn XP
 C = Spawn XP percentage of total XP
 D = Spawn monster count
 E = Non-spawn monster count
 F = Spawn count percentage of total count
 G = Total turns spent on level
                    A         B        C        D         E        F      G
               +---------+---------+-------+---------+---------+-------+---------
         Total |       0 |     887 |   0.0 |       0 |     128 |   0.0 |  4976
               +---------+---------+-------+---------+---------+-------+---------
           D:1 |       0 |      33 |   0.0 |       0 |      22 |   0.0 |  1082
           D:2 |       0 |      50 |   0.0 |       0 |      18 |   0.0 |   843
           D:3 |       0 |      54 |   0.0 |       0 |      22 |   0.0 |  1034
           D:4 |       0 |     509 |   0.0 |       0 |      17 |   0.0 |   739
       Ossuary |       0 |     241 |   0.0 |       0 |      49 |   0.0 |   977
               +---------+---------+-------+---------+---------+-------+---------
